 Dungeon Crawl Stone Soup version 0.15.0-31-geb66e34 (console) character file.

65 gw the Cudgeler (level 3, -5/32 HPs)
             Began as a Deep Dwarf Gladiator on Sept 13, 2014.
             Slain by Sigmund
             ... wielding a +6 scythe of protection
              (7 damage)
             ... on Level 2 of the Dungeon.
             The game lasted 00:00:53 (875 turns).

gw the Cudgeler (Deep Dwarf Gladiator)               Turns: 875, Time: 00:00:53

HP  -5/32        AC 10     Str 18      XL: 3   Next: 94%
MP   3/3         EV  8     Int  8      God:
Gold 0           SH  0     Dex 14      Spells:  0 memorised,  2 levels left

rFire  . . .     SeeInvis .     a - +0 flail
rCold  . . .     Clarity  .     b - +3 scale mail {rPois}
rNeg   . . .     rCorr    .     (no shield)
rPois  +         rRot     .     c - +0 helmet
rElec  .         Spirit   .     (no cloak)
SustAb .         Warding  .     (no gloves)
rMut   .         Stasis   .     (no boots)
Gourm  .                        (no amulet)
MR     .....                    (no ring)
                                (no ring)

@: confused, non-regenerating, not resistant to hostile enchantments, extremely
unstealthy
A: damage resistance, recharge devices, sense surroundings 1, slow healing 3
a: Device Recharging


You were on level 2 of the Dungeon.
You were hungry.

You visited 1 branch of the dungeon, and saw 2 of its levels.

Inventory:

Hand weapons
 a - a +0 flail (weapon)
Missiles
 d - 3 throwing nets
Armour
 b - a +3 scale mail of poison resistance (worn)
 c - a +0 helmet (worn)
Magical devices
 e - a wand of heal wounds (4)
Comestibles
 f - a bread ration
Scrolls
 h - a scroll of remove curse {unknown}


   Skills:
 + Level 2.2 Fighting
 * Level 4.0 Maces & Flails
 - Level 1.7 Throwing
 + Level 2.1 Armour
 - Level 3.2 Dodging


You had 2 spell levels left.
You didn't know any spells.

Dungeon Overview and Level Annotations

Branches:
Dungeon (2/15)

Altars:
Xom

Annotations:
D:2 Sigmund


Innate Abilities, Weirdness & Mutations

You are resistant to damage.
You can recharge devices by infusing magical energy.
You passively map a small area around you.
You do not heal naturally.


Message History

ATTACK MOVE TO (0,1)
You hit the goblin.
You kill the goblin!
ATTACK MOVE TO (0,1)
You hear some strange, mumbled words.
You are confused.
Things that are here:
an uncursed dagger; an uncursed hunting sling; 29 stones ATTACK MOVE TO (0,-1)
The magic dart hits you!
ATTACK MOVE TO (0,-1)
The magic dart hits you!
ATTACK MOVE TO (0,1) Ouch!
Something hits you but does no damage.
ATTACK MOVE TO (0,-1)
You hear some strange, mumbled words.
The puff of flame hits you!
ATTACK MOVE TO (0,1)
Something hits you!
You die...

.##...............##..# #.##
.##........#####...#..###...##
.####......# #.#....%......#
#.###....### #...#..##%....#
##.###.#.#######.###..#.<..#.#
##............((.........#......
##.###.##......(.........##*.##.
#...##.##....###.###..#.## * ..,
.##.##.###.#.# #g# #...., * . ,
###.##...$.#.# #)# ##.#. *
#[)......#.# #.# , ...
#.#####.##.###.#* # #., *
#.#####%#......#* #
.............##.##. *
########.#.........* , *
#.#....###.. .......(@...#


There were no monsters in sight!

Table legend:
 A = Turns spent in this place as a percentage of turns spent in the entire game.
 B = Non-inter-level travel turns spent in this place as a percentage of non-inter-level travel turns spent in the entire game.
 C = Inter-level travel turns spent in this place as a percentage of turns spent in this place.
 D = Turns resting spent in this place as a percentage of non-inter-level travel turns spent in this place.
 E = Turns spent auto-exploring this place as a percentage of non-inter-level travel turns spent in this place.
 F = Non-inter-level travel turns spent in this place divided by the number of levels of this place that you've seen.
                   A       B       C       D       E      F
               +-------+-------+-------+-------+-------+----------------------
         Total | 100.0 | 100.0 |   0.2 |   0.0 |  10.2 | 259.0
       Dungeon | 100.0 | 100.0 |   0.2 |   0.0 |  10.2 | 259.0
               +-------+-------+-------+-------+-------+----------------------

Table legend:
 A = Kills in this place as a percentage of kills in entire the game.
 B = Kills by you in this place as a percentage of kills by you in the entire game.
 C = Kills by friends in this place as a percentage of kills by friends in the entire game.
 D = Other kills in this place as a percentage of other kills in the entire game.
 E = Experience gained in this place as a percentage of experience gained in the entire game.
 F = Experience gained in this place divided by the number of levels of this place that you have seen.
                   A       B       C       D       E      F
               +-------+-------+-------+-------+-------+----------------------
         Total | 100.0 | 100.0 |  -nan |  -nan | 100.0 |  47.0
       Dungeon | 100.0 | 100.0 |  -nan |  -nan | 100.0 |  47.0
               +-------+-------+-------+-------+-------+----------------------

Vanquished Creatures
  Ijyb (D:2)
  An adder (D:2)
  2 worms (D:2)
  A giant gecko (D:2)
  2 oozes
  3 bats
  2 giant cockroaches (D:1)
  6 hobgoblins
  3 giant newts
  2 goblins (D:2)
  2 kobolds
  A quokka (D:2)
  3 rats
29 creatures vanquished.

Notes
Turn   | Place    | Note
--------------------------------------------------------------
     0 | D:1      | gw, the Deep Dwarf Gladiator, began the quest for the Orb.
     0 | D:1      | Reached XP level 1. HP: 19/19 MP: 1/1
    51 | D:1      | Found a shimmering altar of Xom.
   340 | D:1      | Reached XP level 2. HP: 26/26 MP: 2/2
   488 | D:1      | Reached skill level 1 in Armour
   731 | D:2      | Reached XP level 3. HP: 25/32 MP: 3/3
   782 | D:2      | Noticed Ijyb
   802 | D:2      | Killed Ijyb
   835 | D:2      | Reached skill level 4 in Maces & Flails
   837 | D:2      | Noticed Sigmund
   875 | D:2      | Slain by Sigmund

Action                   || total
-------------------------++-------
Melee: Flail             ||   125
Evoke: Wand              ||     1
  Use: Scroll            ||     6
       Potion            ||     2

Vault maps used:
D:1:      mrwooster_arrival_arrow, xom_teletrap_fun
D:2:      nicolae_overflow_hidden_temple, uniq_jessica, uniq_iyjb, uniq_sigmund
